Map: Acid Plant LE

Players

William

  • Race: Protoss Protoss
  • League: Gold
  • Spawn Location: 11:00

darkterror - Winner!

  • Race: Zerg Zerg
  • League: Silver
  • Spawn Location: 5:00

VOD

Have the link to the VOD?

Description

Time

  • Played on: March 23, 2018, 9:46 a.m.
  • Length: 11:35
Show
View Real Time Build Order
Export as new Build Order

William Protoss 

Build Orders: 1 Gate Expand, Oracle Opening 

Get SALT Encoding   

  12  0:01  Probe (Chrono Boost)  
  13  0:10  Probe (Chrono Boost)  
  14  0:19  Pylon  
  14  0:22  Probe  
  15  0:30  Assimilator  
  15  0:37  Probe  
  16  0:44  Gateway  
  16  0:49  Probe  
  17  1:01  Probe (Chrono Boost)  
  19  1:11  Probe (Chrono Boost)  
  19  1:16  Probe (Chrono Boost)  
  20  1:33  Nexus  
  20  1:36  Probe  
  21  1:52  Cybernetics Core  
  22  2:01  Probe  
  22  2:13  Probe  
  22  2:15  Pylon  
  23  2:37  Stargate  
  23  2:40  Probe (Chrono Boost)  
  23  2:42  Stalker  
  26  2:49  Probe (Chrono Boost)  
  26  2:50  Probe (Chrono Boost)  
  28  2:55  Assimilator  
  28  2:57  Probe (Chrono Boost)  
  30  2:59  Probe (Chrono Boost)  
  30  3:02  Probe (Chrono Boost)  
  31  3:06  Probe  
  31  3:09  Gateway  
  31  3:10  Gateway  
  31  3:11  Pylon  
  32  3:18  Probe, Stalker  
  35  3:25  Oracle  
  38  3:40  Probe (Chrono Boost)  
  39  3:43  Probe (Chrono Boost)  
  39  3:46  Assimilator  
  40  3:52  Probe (Chrono Boost)  
  40  3:54  Probe (Chrono Boost), Stalker  
  44  3:57  Probe (Chrono Boost)  
  44  4:02  Probe (Chrono Boost)  
  46  4:03  Twilight Council  
  46  4:11  Warp Gate  
  46  4:12  Probe (Chrono Boost)  
  48  4:20  Probe (Chrono Boost)  
  48  4:22  Forge, Probe (Chrono Boost)  
  49  4:26  Probe (Chrono Boost)  
  49  4:27  Probe (Chrono Boost)  
  51  4:38  Probe  
  52  4:50  Probe x2  
  54  5:05  Fleet Beacon  
  54  5:17  Assimilator  
  54  5:20  Pylon  
  54  5:21  Pylon  
  54  5:25  Pylon  
  54  5:26  Pylon  
  54  5:38  Probe x2, Stalker x3  
  59  5:50  Probe x2  
  59  5:51  Blink (Chrono Boost)  
  61  6:02  Probe, Robotics Facility  
  62  6:08  Stalker x2  
  68  6:14  Nexus  
  68  6:15  Probe  
  69  6:27  Probe  
  68  6:52  Observer  
  68  6:53  Probe (Chrono Boost)  
  70  7:06  Probe (Chrono Boost)  
  70  7:07  Pylon  
  71  7:10  Pylon  
  71  7:12  Probe (Chrono Boost)  
  71  7:13  Warp Prism, Phoenix  
  76  7:20  Probe  
  77  7:37  Phoenix  
  77  7:39  Gateway, Charge (Chrono Boost)  
  77  7:41  Gateway  
  77  7:42  Gateway x2, Probe (Chrono Boost)  
  80  7:49  Photon Cannon  
  80  7:50  Photon Cannon  
  81  7:52  Photon Cannon, Probe (Chrono Boost)  
  81  7:57  Probe (Chrono Boost)  
  81  8:01  Stalker  
  81  8:03  Stalker x2  
  88  8:09  Probe  
  89  8:21  Probe  
  90  8:33  Probe  
  91  8:45  Zealot x2  
  91  8:46  Zealot  
  97  9:14  Stalker  
  97  9:15  Zealot x2  
  97  9:16  Zealot x2  
  107  9:17  Zealot x2  
  95  10:02  Zealot  
  95  10:03  Zealot  
  95  10:04  Stalker  
  95  10:05  Stalker  
  95  10:06  Stalker x2  
  107  10:07  Zealot  
  107  10:19  Zealot  
  109  10:23  Adept x2  
  109  10:27  Sentry  
  115  10:29  Sentry  
  117  10:39  Pylon  
  117  10:41  Pylon  
  117  10:42  Pylon x2  
  104  11:14  Zealot  
  104  11:15  Zealot x2  
  104  11:16  Zealot x3  
  104  11:17  Zealot  
Show
View Real Time Build Order
Export as new Build Order

darkterror Zerg - Winner!

Build Orders: Hatch First, Swarm Host 

Get SALT Encoding   

  12  0:01  Drone  
  13  0:13  Overlord  
  13  0:17  Drone  
  14  0:31  Drone x2  
  16  0:52  Hatchery  
  15  1:02  Drone  
  16  1:07  Extractor  
  15  1:11  Spawning Pool  
  15  1:14  Drone  
  15  1:21  Drone  
  15  1:23  Drone  
  17  1:39  Drone x2  
  19  2:00  Overlord  
  19  2:16  Queen  
  19  2:18  Queen  
  19  2:19  Metabolic Boost  
  23  2:30  Drone  
  24  2:37  Drone  
  24  2:38  Drone x4  
  24  2:43  Drone  
  30  3:04  Hatchery  
  29  3:07  Drone x4  
  33  3:22  Overlord  
  33  3:23  Overlord  
  33  3:37  Overlord  
  33  3:43  Drone x5  
  38  4:03  Zergling x6  
  38  4:04  Zergling x4  
  43  4:13  Drone x3  
  43  4:14  Drone x2  
  48  4:18  Queen  
  49  4:40  Spore Crawler  
  47  4:54  Spore Crawler  
  46  5:14  Lair  
  46  5:20  Evolution Chamber  
  45  5:26  Drone x3  
  48  5:29  Drone x2  
  48  5:30  Drone x5  
  48  5:31  Drone  
  48  5:33  Overlord x2  
  54  6:13  Extractor  
  54  6:15  Hatchery  
  52  6:25  Extractor  
  51  6:38  Drone x3  
  54  6:41  Extractor  
  53  6:53  Drone x8  
  61  6:54  Drone x2  
  61  6:55  Drone x2  
  66  7:01  Drone x3  
  68  7:12  Infestation Pit  
  67  7:20  Hydralisk Den  
  67  7:22  Zerg Missile Weapons Level 1  
  66  7:34  Extractor  
  65  7:37  Extractor  
  65  7:39  Drone x3  
  65  7:42  Drone x2  
  65  7:43  Drone  
  70  7:51  Extractor  
  69  7:55  Drone, Extractor  
  69  7:56  Drone x2  
  69  7:57  Drone x2  
  69  7:58  Drone  
  74  8:14  Overlord x3  
  74  8:21  Hydralisk  
  74  8:22  Hydralisk x2  
  80  8:36  Spine Crawler  
  80  8:37  Hydralisk x9, Spine Crawler  
  80  8:40  Overlord x2  
  80  8:41  Overlord x2  
  95  9:00  Hydralisk  
  95  9:01  Hydralisk x15  
  127  9:37  Queen  
  128  9:43  Hydralisk  
  123  9:55  Overlord x3  
  123  9:56  Overlord x2  
  123  10:13  Lurker Den  
  122  10:35  Overseer  
  122  10:36  Overseer  
  122  10:43  Swarm Host x15  
  122  10:46  Overlord  
  122  10:47  Overlord x4  
Tags
 
Add a new tag
Caveats
  • Supply blocks, unpowered buildings, or Contaminate may cause inaccurate times.
  • Supply counts are checked every 10 seconds.